[Event "ONJK-C 2019"]
[Site "Borne"]
[Date "2019.08.05"]
[Round "1.1"]
[White "Klugstedt, Vincent"]
[Black "Wiggers, Finn"]
[Result "1-0"]
[ECO "D13"]
[WhiteElo "1834"]
[BlackElo "1354"]
[Annotator "NA"]
[PlyCount "43"]
[EventDate "2019.08.05"]
[EventType "swiss"]
[EventCountry "NED"]
[SourceTitle "playchess.com"]
[Source "ChessBase"]
[SourceQuality "1"]
[TimeControl "5400+30"]

1. d4 d5 2. c4 c6 3. Nc3 Nf6 4. Nf3 Nbd7 5. cxd5 cxd5 6. Bf4 g6 7. e3 a6 8. Bd3 Bg7 9. O-O O-O 10. Rc1 Re8 11. Nb5 e5 12. Nc7 exf4 13. Nxa8 fxe3 14. fxe3 Re7 15. Qc2 Ng4 16. Qxc8 Qxc8 17. Rxc8+ Nf8 18. Re1 Bh6 19. Nb6 Bxe3+ 20. Kf1 Nf2 21. Rxe3 Rxe3 22. Kxf2 1-0

[Event "ONJK-C 2019"]
[Site "Borne"]
[Date "2019.08.05"]
[Round "1.2"]
[White "Groen, Jari"]
[Black "Nielsen, Philip"]
[Result "0-1"]
[ECO "B90"]
[WhiteElo "1349"]
[BlackElo "1797"]
[Annotator "NA"]
[PlyCount "124"]
[EventDate "2019.08.05"]
[EventType "swiss"]
[EventCountry "NED"]
[SourceTitle "playchess.com"]
[Source "ChessBase"]
[SourceQuality "1"]
[TimeControl "5400+30"]

1. e4 c5 2. Nf3 d6 3. d4 cxd4 4. Nxd4 Nf6 5. Nc3 a6 6. Be3 b5 7. a3 Bb7 8. f3 Nbd7 9. Be2 Qc7 10. O-O g6 11. Qd2 Bg7 12. Rad1 Ne5 13. Bh6 O-O 14. Bxg7 Kxg7 15. Kh1 Rac8 16. Nb3 Nfd7 17. Qd4 Kg8 18. f4 Nc4 19. Bxc4 Qxc4 20. Na5 Qxd4 21. Rxd4 Ba8 22. e5 d5 23. Nxd5 Rxc2 24. Ne3 Re2 25. Rxd7 Rxe3 26. Kg1 Rc8 27. Rfd1 Kg7 28. Rd8 Rxd8 29. Rxd8 Be4 30. Rd2 Re1+ 31. Kf2 Rc1 32. Nb3 Rc4 33. Rd4 Rc2+ 34. Rd2 Rc7 35. Ke3 Bf5 36. Nd4 Bc8 37. Rc2 Rxc2 38. Nxc2 Bb7 39. g3 Kh6 40. Nd4 Kh5 41. f5 Kg4 42. fxg6 hxg6 43. Ne2 Kh3 44. Kf4 Kxh2 45. Kg5 Bf3 46. Nd4 Kxg3 47. e6 Bd5 48. exf7 Bxf7 49. Nc6 Kf2 50. Nb4 Kf3 51. Nxa6 e5 52. Kf6 e4 53. Nb4 Be8 54. Ke5 g5 55. Kd4 g4 56. Nc2 g3 57. Ne1+ Kf2 58. Kxe4 Bc6+ 59. Kf4 Kxe1 60. Kxg3 Kd2 61. b3 Kc3 62. a4 b4 0-1

[Event "ONJK-C 2019"]
[Site "Borne"]
[Date "2019.08.05"]
[Round "1.3"]
[White "De Rycke, Tyani"]
[Black "Vleming, Annabel"]
[Result "1-0"]
[ECO "B26"]
[WhiteElo "1787"]
[BlackElo "1334"]
[Annotator "NA"]
[PlyCount "59"]
[EventDate "2019.08.05"]
[EventType "swiss"]
[EventCountry "NED"]
[SourceTitle "playchess.com"]
[Source "ChessBase"]
[SourceQuality "1"]
[TimeControl "5400+30"]

1. e4 c5 2. Nc3 g6 3. g3 Bg7 4. Bg2 Nc6 5. d3 Nf6 6. Be3 d6 7. h3 Qa5 8. Qd2 Nd7 9. Nge2 Nb6 10. O-O Nd7 11. f4 Nd4 12. Rae1 Nf6 13. g4 h5 14. g5 Nd7 15. f5 Ne5 16. Nxd4 cxd4 17. Bxd4 Nf3+ 18. Rxf3 Bxd4+ 19. Kh1 gxf5 20. exf5 Bxf5 21. Qf4 Bxc3 22. bxc3 e6 23. Qxf5 Qxa2 24. Qxf7+ Kd8 25. Rxe6 Qa5 26. Qe7+ Kc8 27. Rf8+ Rxf8 28. Qxb7+ Kd8 29. Rxd6+ Ke8 30. Qd7# 1-0

[Event "ONJK-C 2019"]
[Site "Borne"]
[Date "2019.08.05"]
[Round "1.4"]
[White "Yannopapas, Leontios"]
[Black "Goudriaan, Rafael"]
[Result "0-1"]
[ECO "D00"]
[WhiteElo "1428"]
[BlackElo "1719"]
[Annotator "NA"]
[PlyCount "84"]
[EventDate "2019.08.05"]
[EventType "swiss"]
[EventCountry "NED"]
[SourceTitle "playchess.com"]
[Source "ChessBase"]
[SourceQuality "1"]
[TimeControl "5400+30"]

1. d4 d5 2. Nc3 Nf6 3. Bf4 Bf5 4. f3 e6 5. g4 Bg6 6. h4 h6 7. e3 Bb4 8. Bd3 Bxd3 9. Qxd3 Nc6 10. Nge2 Qe7 11. O-O-O O-O-O 12. Kb1 Kb8 13. Nc1 e5 14. dxe5 Nxe5 15. Bxe5 Qxe5 16. Nb3 Bxc3 17. bxc3 Rhe8 18. Rde1 Rd6 19. Qd4 Rde6 20. Qd2 Rc6 21. Qd4 Rxc3 22. g5 Nd7 23. f4 Qxd4 24. exd4 Rce3 25. Ref1 h5 26. Kc1 c6 27. Kd1 Nb6 28. Nc5 Kc7 29. Nd3 R8e4 30. Re1 Nc4 31. Rxe3 Nxe3+ 32. Kd2 Nf5 33. c3 b6 34. a3 a5 35. Rh3 Nd6 36. Kc2 Nc4 37. Kb3 Re2 38. f5 b5 39. Rh1 a4+ 40. Kb4 Kb6 41. Rf1 Ne3 42. c4 Nxf1 0-1

[Event "ONJK-C 2019"]
[Site "Borne"]
[Date "2019.08.05"]
[Round "1.5"]
[White "Neisingh, Nils"]
[Black "De Putter, Sven"]
[Result "0-1"]
[ECO "C78"]
[WhiteElo "1710"]
[BlackElo "1319"]
[Annotator "NA"]
[PlyCount "76"]
[EventDate "2019.08.05"]
[EventType "swiss"]
[EventCountry "NED"]
[SourceTitle "playchess.com"]
[Source "ChessBase"]
[SourceQuality "1"]
[TimeControl "5400+30"]

1. e4 e5 2. Nf3 Nc6 3. Bb5 a6 4. Ba4 b5 5. Bb3 Nf6 6. O-O d5 7. exd5 Nxd5 8. Re1 Be6 9. Nxe5 Nxe5 10. Rxe5 Be7 11. Qf3 c6 12. Nc3 Bf6 13. Re1 O-O 14. Ne4 Re8 15. Nxf6+ Qxf6 16. Qxf6 Nxf6 17. Bxe6 Rxe6 18. Rxe6 fxe6 19. d4 Rd8 20. c3 e5 21. Be3 Ng4 22. Bg5 Rd5 23. Be3 e4 24. Re1 g5 25. h3 Nf6 26. b3 h6 27. h4 Kg7 28. hxg5 hxg5 29. Ra1 Nh5 30. a4 Nf4 31. Bxf4 gxf4 32. axb5 axb5 33. Re1 b4 34. Rxe4 bxc3 35. Re6 c5 36. Kf1 c2 37. Re1 Rxd4 38. f3 Rd1 0-1

[Event "ONJK-C 2019"]
[Site "Borne"]
[Date "2019.08.05"]
[Round "1.6"]
[White "Debunne, Lasse"]
[Black "De Vries, Fabian"]
[Result "0-1"]
[ECO "B72"]
[WhiteElo "1314"]
[BlackElo "1704"]
[Annotator "NA"]
[PlyCount "70"]
[EventDate "2019.08.05"]
[EventType "swiss"]
[EventCountry "NED"]
[SourceTitle "playchess.com"]
[Source "ChessBase"]
[SourceQuality "1"]
[TimeControl "5400+30"]

1. e4 c5 2. Nf3 d6 3. d4 cxd4 4. Nxd4 Nf6 5. Nc3 g6 6. Be3 Bg7 7. Be2 O-O 8. O-O a6 9. h3 b5 10. a3 Bb7 11. f3 Nbd7 12. Qd2 Qc7 13. Rac1 Ne5 14. f4 Nc4 15. Bxc4 Qxc4 16. Qd3 e5 17. Nf3 Nxe4 18. Qxc4 bxc4 19. Nxe4 Bxe4 20. fxe5 dxe5 21. Ng5 Bb7 22. Rcd1 h6 23. Nf3 Bxf3 24. gxf3 Rab8 25. Bc5 Rfc8 26. Bb4 a5 27. Bc3 Rb7 28. Rd5 a4 29. Rb1 e4 30. Bxg7 Kxg7 31. fxe4 c3 32. b3 axb3 33. cxb3 c2 34. Rc1 Rxb3 35. Rd2 Rb1 0-1

[Event "ONJK-C 2019"]
[Site "Borne"]
[Date "2019.08.05"]
[Round "1.7"]
[White "Smeets, Kobe"]
[Black "Molanus, Florian"]
[Result "1-0"]
[ECO "B76"]
[WhiteElo "1530"]
[BlackElo "1287"]
[Annotator "NA"]
[PlyCount "41"]
[EventDate "2019.08.05"]
[EventType "swiss"]
[EventCountry "NED"]
[SourceTitle "playchess.com"]
[Source "ChessBase"]
[SourceQuality "1"]
[TimeControl "5400+30"]

1. e4 c5 2. Nf3 d6 3. d4 cxd4 4. Nxd4 Nf6 5. Nc3 g6 6. f3 Bg7 7. Be3 O-O 8. Qd2 Nc6 9. Be2 d5 10. O-O-O dxe4 11. Nxe4 Nxe4 12. fxe4 Ne5 13. Qb4 b6 14. Nf5 Qc7 15. Nxe7+ Kh8 16. Nd5 Qb7 17. Bd4 Be6 18. Bf3 Rac8 19. b3 Qc6 20. c4 f5 21. Ne7 1-0

[Event "ONJK-C 2019"]
[Site "Borne"]
[Date "2019.08.05"]
[Round "1.8"]
[White "Van der Veen, Tjado"]
[Black "Knol, Daniel"]
[Result "0-1"]
[ECO "B21"]
[WhiteElo "1282"]
[BlackElo "1622"]
[Annotator "NA"]
[PlyCount "38"]
[EventDate "2019.08.05"]
[EventType "swiss"]
[EventCountry "NED"]
[SourceTitle "playchess.com"]
[Source "ChessBase"]
[SourceQuality "1"]
[TimeControl "5400+30"]

1. e4 c5 2. Nc3 e6 3. d4 cxd4 4. Qxd4 Nc6 5. Qd1 Nf6 6. Bg5 Be7 7. g3 h6 8. Be3 d5 9. exd5 exd5 10. Bd2 Qb6 11. b3 O-O 12. Be3 d4 13. Na4 Qd8 14. Bc1 Qd5 15. Nf3 Bg4 16. Bg2 Ne5 17. Nh4 Qe6 18. f3 Nxf3+ 19. Kf1 Nxh2+ 0-1

[Event "ONJK-C 2019"]
[Site "Borne"]
[Date "2019.08.05"]
[Round "1.9"]
[White "De Heij, Mees"]
[Black "Molanus, Eva"]
[Result "1-0"]
[ECO "B30"]
[WhiteElo "1545"]
[BlackElo "1281"]
[Annotator "NA"]
[PlyCount "35"]
[EventDate "2019.08.05"]
[EventType "swiss"]
[EventCountry "NED"]
[SourceTitle "playchess.com"]
[Source "ChessBase"]
[SourceQuality "1"]
[TimeControl "5400+30"]

1. e4 c5 2. Nf3 d6 3. Nc3 Nf6 4. Bc4 g6 5. O-O Bg7 6. h3 O-O 7. d3 Nc6 8. Bg5 Bd7 9. Qd2 Qc7 10. Bxf6 Bxf6 11. Nd5 Qc8 12. Nxf6+ exf6 13. Qh6 Ne5 14. Nxe5 fxe5 15. f4 b5 16. Bd5 Bc6 17. f5 Bxd5 18. f6 1-0

[Event "ONJK-C 2019"]
[Site "Borne"]
[Date "2019.08.05"]
[Round "1.10"]
[White "Buijnsters, Floris"]
[Black "Arnold, Lorin"]
[Result "1/2-1/2"]
[ECO "B33"]
[WhiteElo "1259"]
[BlackElo "1583"]
[Annotator "NA"]
[PlyCount "63"]
[EventDate "2019.08.05"]
[EventType "swiss"]
[EventCountry "NED"]
[SourceTitle "playchess.com"]
[Source "ChessBase"]
[SourceQuality "1"]
[TimeControl "5400+30"]

1. e4 c5 2. Nf3 Nc6 3. d4 cxd4 4. Nxd4 e5 5. Nf3 Nf6 6. Nc3 Bb4 7. Bd2 d5 8. exd5 Nxd5 9. Nxd5 Qxd5 10. Bxb4 Qe4+ 11. Qe2 Qxb4+ 12. c3 Qf4 13. g3 Qf6 14. Qe3 O-O 15. Bg2 Bg4 16. O-O Rfe8 17. Rfe1 Rad8 18. Nd4 Nxd4 19. cxd4 e4 20. Bxe4 Bf5 21. Qd3 Bxe4 22. Rxe4 g6 23. Rae1 Rxe4 24. Qxe4 Rxd4 25. Qxb7 Rd2 26. Qxa7 Qxb2 27. Re7 Qc1+ 28. Kg2 Qc6+ 29. Kh3 Qc8+ 30. Kg2 Qc6+ 31. Kh3 Qc8+ 32. Kg2 1/2-1/2

[Event "ONJK-C 2019"]
[Site "Borne"]
[Date "2019.08.05"]
[Round "1.11"]
[White "DHaenens, Leon"]
[Black "Hooijmans, Merijn"]
[Result "1-0"]
[ECO "A38"]
[WhiteElo "1583"]
[BlackElo "1267"]
[Annotator "NA"]
[PlyCount "51"]
[EventDate "2019.08.05"]
[EventType "swiss"]
[EventCountry "NED"]
[SourceTitle "playchess.com"]
[Source "ChessBase"]
[SourceQuality "1"]
[TimeControl "5400+30"]

1. c4 c5 2. g3 g6 3. Bg2 Bg7 4. Nc3 Nc6 5. Nf3 Nf6 6. d4 b6 7. O-O d6 8. b3 O-O 9. Bb2 Bd7 10. Re1 Qc8 11. Rc1 Bh3 12. Bh1 Nb4 13. Ng5 Nc6 14. Nxh3 Qxh3 15. Bxc6 Ng4 16. Bg2 Qxh2+ 17. Kf1 Bxd4 18. e3 Bxc3 19. Bxc3 h5 20. Qf3 e5 21. Ke2 f5 22. Qd5+ Kh8 23. Rh1 Nf6 24. Qxa8 Rxa8 25. Bxa8 Qxh1 26. Rxh1 1-0

[Event "ONJK-C 2019"]
[Site "Borne"]
[Date "2019.08.05"]
[Round "1.12"]
[White "De Keukelaere, Wouter"]
[Black "Kumar, Prajit Sai"]
[Result "0-1"]
[ECO "B70"]
[WhiteElo "1240"]
[BlackElo "1574"]
[Annotator "NA"]
[PlyCount "72"]
[EventDate "2019.08.05"]
[EventType "swiss"]
[EventCountry "NED"]
[SourceTitle "playchess.com"]
[Source "ChessBase"]
[SourceQuality "1"]
[TimeControl "5400+30"]

1. e4 c5 2. Nf3 d6 3. d4 cxd4 4. Nxd4 Nf6 5. Nc3 g6 6. Be3 Bg7 7. Be2 Nbd7 8. Qd2 a6 9. O-O O-O 10. Kh1 Nc5 11. f3 Bd7 12. Bh6 Qb6 13. Bxg7 Kxg7 14. Nb3 Nxb3 15. axb3 Rac8 16. Rac1 Bc6 17. Rfd1 Rfd8 18. Bc4 Rd7 19. Nd5 Nxd5 20. exd5 Bb5 21. Qd4+ Qxd4 22. Rxd4 Bxc4 23. Rxc4 Rxc4 24. bxc4 Rc7 25. b3 Kf6 26. Re1 e6 27. Rd1 Rc5 28. f4 exd5 29. Rxd5 Rxd5 30. cxd5 Kf5 31. c4 Kxf4 32. Kg1 b6 33. Kf2 Ke4 34. Ke2 Kd4 35. Kd2 b5 36. c5 Kxc5 0-1

[Event "ONJK-C 2019"]
[Site "Borne"]
[Date "2019.08.05"]
[Round "1.13"]
[White "Boeren, Jurriaan"]
[Black "Van der Tuin, Tristan"]
[Result "1-0"]
[ECO "C10"]
[WhiteElo "1522"]
[BlackElo "1238"]
[Annotator "NA"]
[PlyCount "81"]
[EventDate "2019.08.05"]
[EventType "swiss"]
[EventCountry "NED"]
[SourceTitle "playchess.com"]
[Source "ChessBase"]
[SourceQuality "1"]
[TimeControl "5400+30"]

1. e4 e6 2. d4 d5 3. Nc3 c5 4. dxc5 Bxc5 5. exd5 Nf6 6. Bg5 Be7 7. dxe6 Qxd1+ 8. Rxd1 fxe6 9. Nb5 Na6 10. Nd6+ Bxd6 11. Rxd6 O-O 12. Bxa6 bxa6 13. Bxf6 Rxf6 14. Nf3 Bb7 15. Rd3 e5 16. Re3 e4 17. Nd2 Re8 18. f3 Rfe6 19. fxe4 Bxe4 20. Nxe4 Rxe4 21. Rxe4 Rxe4+ 22. Kd2 Kf7 23. Rf1+ Kg6 24. Kd3 Re6 25. c4 a5 26. c5 h6 27. Rc1 Kf5 28. c6 Rd6+ 29. Ke3 Re6+ 30. Kd4 Re4+ 31. Kd5 Re5+ 32. Kd6 Kf6 33. Rf1+ Rf5 34. Rxf5+ Kxf5 35. c7 g5 36. c8=Q+ Kg6 37. g4 Kf7 38. Qe6+ Kf8 39. Qg6 a6 40. Ke6 h5 41. Qf7# {[%emt 0:00:37] Ke8} 1-0

[Event "ONJK-C 2019"]
[Site "Borne"]
[Date "2019.08.05"]
[Round "1.14"]
[White "Li-Behn, Thomas"]
[Black "Ang, Rufus"]
[Result "0-1"]
[ECO "D02"]
[WhiteElo "1219"]
[BlackElo "1498"]
[Annotator "NA"]
[PlyCount "58"]
[EventDate "2019.08.05"]
[EventType "swiss"]
[EventCountry "NED"]
[SourceTitle "playchess.com"]
[Source "ChessBase"]
[SourceQuality "1"]
[TimeControl "5400+30"]

1. d4 d5 2. Bf4 Nc6 3. Nf3 Bf5 4. e3 a6 5. Bd3 Bg6 6. c3 Nf6 7. Qc2 Be4 8. Nbd2 Bxd3 9. Qxd3 Qd7 10. Ne5 Qe6 11. Ndf3 h6 12. h4 Ne4 13. Qc2 b5 14. a4 b4 15. a5 Rc8 16. Qa4 bxc3 17. Nxc6 cxb2 18. Nb4+ Kd8 19. Rb1 Nc3 20. Nc6+ Ke8 21. Nd8+ Kxd8 22. Qc2 Nxb1 23. Qxb2 Qe4 24. O-O e6 25. Rxb1 f6 26. Rc1 Qd3 27. Rc3 Qd1+ 28. Kh2 Qa4 29. Qd2 Bb4 0-1

[Event "ONJK-C 2019"]
[Site "Borne"]
[Date "2019.08.06"]
[Round "2.1"]
[White "De Rooij, Kevin"]
[Black "Klugstedt, Vincent"]
[Result "0-1"]
[ECO "E21"]
[WhiteElo "1480"]
[BlackElo "1850"]
[Annotator "NA"]
[PlyCount "122"]
[EventDate "2019.08.05"]
[EventType "swiss"]
[EventCountry "NED"]
[SourceTitle "playchess.com"]
[Source "ChessBase"]
[SourceQuality "1"]
[TimeControl "5400+30"]

1. d4 Nf6 2. c4 e6 3. Nc3 Bb4 4. Qc2 b6 5. Nf3 Bb7 6. Bd2 O-O 7. e3 Bxc3 8. Bxc3 Ne4 9. Bd3 f5 10. Rg1 d6 11. Nd2 Qh4 12. Nf3 Qe7 $15 13. Nd2 Nxc3 14. Qxc3 Nd7 15. Rc1 e5 16. d5 a5 17. a3 Rf7 18. g3 f4 19. gxf4 exf4 20. Kd1 fxe3 21. fxe3 Re8 22. e4 Ne5 23. Kc2 Rf2 24. Kb1 Rxh2 25. Rcf1 Rh3 26. Rf5 Rxd3 27. Rxe5 Rxc3 28. Rxe7 Rxe7 29. bxc3 Rf7 30. Kc2 Ba6 31. a4 Bc8 32. Re1 Bd7 33. Kb3 Re7 34. Nf3 h6 35. Nd4 g5 36. Nb5 Bxb5 37. cxb5 Kg7 38. Kc4 Re5 39. Kd4 g4 40. Ke3 Kg6 41. Rg1 h5 42. Kf4 Re7 43. Re1 Rf7+ 44. Kg3 Rf3+ 45. Kg2 Kf6 46. Rh1 Kg5 47. c4 Re3 48. Rf1 Rxe4 49. Rf7 Rxc4 50. Rg7+ Kh4 51. Rh7 Rc2+ 52. Kf1 g3 53. Rg7 Kh3 54. Rg5 g2+ 55. Kg1 Rc1+ 56. Kf2 Rf1+ 57. Ke2 g1=Q 58. Rxh5+ Kg4 59. Rh8 Rf2+ 60. Ke3 Qg3+ 61. Ke4 Rf4# 0-1

[Event "ONJK-C 2019"]
[Site "Borne"]
[Date "2019.08.06"]
[Round "2.3"]
[White "Wierenga, Jael"]
[Black "De Rycke, Tyani"]
[Result "0-1"]
[ECO "D55"]
[WhiteElo "1469"]
[BlackElo "1787"]
[Annotator "NA"]
[PlyCount "66"]
[EventDate "2019.08.05"]
[EventType "swiss"]
[EventCountry "NED"]
[SourceTitle "playchess.com"]
[Source "ChessBase"]
[SourceQuality "1"]
[TimeControl "5400+30"]

1. d4 d5 2. c4 e6 3. Nc3 Nf6 4. Bg5 Be7 5. Nf3 b6 6. e3 Bb7 7. Rc1 c5 8. Be2 Nbd7 9. O-O O-O 10. a3 Rc8 11. cxd5 Nxd5 12. Bxe7 Qxe7 13. Qd2 N7f6 14. Nxd5 Bxd5 15. Ne5 Rfd8 16. Bf3 Bxf3 17. gxf3 Qd6 18. Qc2 Qb8 19. Qa4 Rd5 20. Rc3 Ne8 21. b4 f6 22. Nc6 Qb7 23. b5 a6 24. Ne7+ Qxe7 25. Qxa6 Qd8 26. Rfc1 Ra8 27. Qb7 Nd6 28. Qc6 Rc8 29. dxc5 Rxc6 30. bxc6 bxc5 31. e4 Rg5+ 32. Kf1 Qb6 33. f4 Qb5+ 0-1

[Event "ONJK-C 2019"]
[Site "Borne"]
[Date "2019.08.06"]
[Round "2.4"]
[White "Goudriaan, Rafael"]
[Black "Den Heijer, Rolinde"]
[Result "1-0"]
[ECO "B23"]
[WhiteElo "1719"]
[BlackElo "1471"]
[Annotator "NA"]
[PlyCount "61"]
[EventDate "2019.08.05"]
[EventType "swiss"]
[EventCountry "NED"]
[SourceTitle "playchess.com"]
[Source "ChessBase"]
[SourceQuality "1"]
[TimeControl "5400+30"]

1. e4 c5 2. Nc3 Nc6 3. f4 g6 4. Nf3 Bg7 5. Bc4 d6 6. d3 Nf6 7. O-O O-O 8. h3 a6 9. a4 Ne8 10. Bd2 Nc7 11. Qe2 Be6 12. Bxe6 Nxe6 13. g4 Ned4 14. Nxd4 Nxd4 15. Qg2 Nxc2 16. Rac1 Bd4+ 17. Kh1 Ne3 18. Bxe3 Bxe3 19. Rce1 Bd4 20. f5 e6 21. Rf3 Bf6 22. Ref1 Rc8 23. g5 Be5 24. f6 h5 25. gxh6 Kh7 26. h4 Rg8 27. Nd1 d5 28. Nf2 Rc7 29. Nh3 Bd4 30. Ng5+ Kxh6 31. Qd2 1-0

[Event "ONJK-C 2019"]
[Site "Borne"]
[Date "2019.08.06"]
[Round "2.5"]
[White "De Vries, Fabian"]
[Black "Van Doren, Frodo"]
[Result "1-0"]
[ECO "C54"]
[WhiteElo "1704"]
[BlackElo "1433"]
[Annotator "NA"]
[PlyCount "97"]
[EventDate "2019.08.05"]
[EventType "swiss"]
[EventCountry "NED"]
[SourceTitle "playchess.com"]
[Source "ChessBase"]
[SourceQuality "1"]
[TimeControl "5400+30"]

1. e4 e5 2. Nf3 Nc6 3. Bc4 Bc5 4. O-O Nf6 5. d3 h6 6. c3 O-O 7. a4 Re8 8. b4 Bf8 9. Nbd2 d5 10. exd5 Nxd5 11. Re1 Nb6 12. b5 Na5 13. Rxe5 Bg4 14. Rxe8 Qxe8 15. Ba2 Rd8 16. d4 Bxf3 17. Nxf3 Nac4 18. Qf1 Nd6 19. Bf4 Nxa4 20. Bxd6 cxd6 21. Bxf7+ Qxf7 22. Rxa4 b6 23. Qc4 Rd7 24. Qxf7+ Rxf7 25. Kf1 Rc7 26. c4 d5 27. cxd5 Rd7 28. Ne5 Rxd5 29. Ke2 Rxb5 30. Rxa7 Bd6 31. Nd7 Bb4 32. Rb7 Bc3 33. Kd3 Be1 34. Rxb6 Rxb6 35. Nxb6 Bxf2 36. Ke4 Kf7 37. Nc4 Ke6 38. d5+ Kd7 39. Ke5 Ba7 40. h3 Bb8+ 41. Kf5 Ba7 42. Ke5 Bb8+ 43. d6 Ba7 44. Kd5 Bf2 45. Ne5+ Ke8 46. Ke6 Bh4 47. d7+ Kd8 48. Nf7+ Kc7 49. d8=Q+ 1-0

[Event "ONJK-C 2019"]
[Site "Borne"]
[Date "2019.08.06"]
[Round "2.6"]
[White "Voorbergen, Milan"]
[Black "Smeets, Kobe"]
[Result "0-1"]
[ECO "B20"]
[WhiteElo "1410"]
[BlackElo "1666"]
[Annotator "NA"]
[PlyCount "140"]
[EventDate "2019.08.05"]
[EventType "swiss"]
[EventCountry "NED"]
[SourceTitle "playchess.com"]
[Source "ChessBase"]
[SourceQuality "1"]
[TimeControl "5400+30"]

1. e4 c5 2. Nc3 e6 3. Bc4 a6 4. a3 b5 5. Ba2 Bb7 6. d3 Nc6 7. Nf3 Nge7 8. O-O Ng6 9. Be3 Be7 10. d4 cxd4 11. Nxd4 O-O 12. Nf3 Rc8 13. Qd2 Qc7 14. Rad1 Rfd8 15. Bg5 Bxg5 16. Qxg5 Na5 17. Qd2 Nc4 18. Bxc4 Qxc4 19. Rfe1 d5 20. Qd4 Qxd4 21. Rxd4 e5 22. Rd2 d4 23. Ne2 Bxe4 24. Nexd4 Bxf3 25. Nxf3 Rxd2 26. Nxd2 Rxc2 27. Nf3 Rxb2 28. h3 f6 29. Rc1 h6 30. Rc6 a5 31. Rc5 a4 32. g3 b4 33. axb4 a3 34. Ra5 a2 35. Kg2 e4 36. Ne1 Ne5 37. b5 e3 38. Kf1 exf2 39. Ng2 Rb1+ 40. Kxf2 a1=Q 41. Rxa1 Rxa1 42. Ne3 Rb1 43. g4 Rxb5 44. Kg3 Rb3 45. Kf4 Rxe3 46. Kxe3 g5 47. Ke4 Kf7 48. Ke3 Kg6 49. Ke4 Nxg4 50. hxg4 h5 51. gxh5+ Kxh5 52. Kf3 f5 53. Kg3 f4+ 54. Kf3 Kh4 55. Kg2 Kg4 56. Kh2 Kf3 57. Kg1 Kg3 58. Kf1 f3 59. Kg1 f2+ 60. Kf1 g4 61. Ke2 Kg2 62. Ke3 f1=Q 63. Ke4 Kh3 64. Kd4 g3 65. Ke4 g2 66. Ke3 g1=Q+ 67. Ke4 Qe2+ 68. Kf5 Qgf2+ 69. Kg5 Qg4+ 70. Kh6 Qfh4# 0-1

[Event "ONJK-C 2019"]
[Site "Borne"]
[Date "2019.08.06"]
[Round "2.7"]
[White "Knol, Daniel"]
[Black "Alvares, Thomas"]
[Result "1/2-1/2"]
[ECO "B50"]
[WhiteElo "1662"]
[BlackElo "1408"]
[Annotator "NA"]
[PlyCount "50"]
[EventDate "2019.08.05"]
[EventType "swiss"]
[EventCountry "NED"]
[SourceTitle "playchess.com"]
[Source "ChessBase"]
[SourceQuality "1"]
[TimeControl "5400+30"]

1. e4 c5 2. Nf3 d6 3. c3 Nf6 4. Be2 g6 5. O-O Bg7 6. Qc2 O-O 7. d4 Qc7 8. Na3 a6 9. d5 Nbd7 10. c4 Nb6 11. h3 Bd7 12. Bf4 Nh5 13. Bh2 Rab8 14. e5 dxe5 15. g4 Nf4 16. Bxf4 exf4 17. Rab1 e6 18. Rfc1 Rfe8 19. Bf1 Rbc8 20. dxe6 Bxe6 21. Bg2 Bd7 22. Qd2 Rcd8 23. Qa5 Qd6 24. Rd1 Qc7 25. b4 Rc8 1/2-1/2

[Event "ONJK-C 2019"]
[Site "Borne"]
[Date "2019.08.06"]
[Round "2.8"]
[White "Zaalmink, Bram"]
[Black "De Heij, Mees"]
[Result "0-1"]
[ECO "D12"]
[WhiteElo "1367"]
[BlackElo "1617"]
[Annotator "NA"]
[PlyCount "80"]
[EventDate "2019.08.05"]
[EventType "swiss"]
[EventCountry "NED"]
[SourceTitle "playchess.com"]
[Source "ChessBase"]
[SourceQuality "1"]
[TimeControl "5400+30"]

1. d4 d5 2. c4 c6 3. Nf3 Nf6 4. Nbd2 Bf5 5. e3 e6 6. b3 Bb4 7. Bb2 Ne4 8. a3 Ba5 9. b4 Bc7 10. Be2 O-O 11. O-O Nd7 12. Rc1 Ndf6 13. Ne5 Nxd2 14. Qxd2 Ne4 15. Qe1 Bb8 16. f3 Nf6 17. Nd3 Qc7 18. f4 Ne4 19. g4 Bg6 20. h4 f5 21. Ne5 Be8 22. g5 Qe7 23. Kh2 Bxe5 24. dxe5 g6 25. Rc2 Rd8 26. Bd4 b6 27. c5 b5 28. a4 a6 29. axb5 axb5 30. Ra2 Bf7 31. Qa1 Rd7 32. Ra6 Rc7 33. Qa2 Be8 34. Ra1 h6 35. Ra7 hxg5 36. Rxc7 Qxc7 37. fxg5 Qh7 38. Kh3 Nxg5+ 39. Kg3 Ne4+ 40. Kh3 g5 0-1

[Event "ONJK-C 2019"]
[Site "Borne"]
[Date "2019.08.06"]
[Round "2.9"]
[White "De Jong, Mats"]
[Black "Dhaenens, Leon"]
[Result "1-0"]
[ECO "B13"]
[WhiteElo "1356"]
[BlackElo "1583"]
[Annotator "NA"]
[PlyCount "57"]
[EventDate "2019.08.05"]
[EventType "swiss"]
[EventCountry "NED"]
[SourceTitle "playchess.com"]
[Source "ChessBase"]
[SourceQuality "1"]
[TimeControl "5400+30"]

1. d4 Nf6 2. c4 c5 3. e3 cxd4 4. exd4 d5 5. Nc3 Nc6 6. cxd5 Nxd5 7. Nf3 Bg4 8. h3 Bxf3 9. Qxf3 Ndb4 10. Bb5 Qxd4 11. O-O a6 12. Ba4 O-O-O 13. a3 Ne5 14. Qe2 Nbc6 15. Be3 Qd3 16. Bxc6 Nxc6 17. Qf3 f6 18. Rfd1 Qg6 19. Rxd8+ Kxd8 20. Bb6+ Kc8 21. Rc1 e6 22. Nb5 Kd7 23. Nd4 Qg5 24. Rxc6 Qd2 25. Rc7+ Ke8 26. Rc8+ Kf7 27. Qxb7+ Kg6 28. Qe4+ Kh6 29. Qe3+ 1-0

[Event "ONJK-C 2019"]
[Site "Borne"]
[Date "2019.08.06"]
[Round "2.10"]
[White "Kumar, Prajit Sai"]
[Black "Tiggelman, Vincent"]
[Result "1/2-1/2"]
[ECO "D10"]
[WhiteElo "1574"]
[BlackElo "1358"]
[Annotator "NA"]
[PlyCount "56"]
[EventDate "2019.08.05"]
[EventType "swiss"]
[EventCountry "NED"]
[SourceTitle "playchess.com"]
[Source "ChessBase"]
[SourceQuality "1"]
[TimeControl "5400+30"]

1. d4 c6 2. c4 d5 3. cxd5 cxd5 4. Nc3 e6 5. Nf3 Nc6 6. Bf4 Bd6 7. Bxd6 Qxd6 8. e3 Nge7 9. a3 O-O 10. Bd3 Rd8 11. O-O e5 12. dxe5 Nxe5 13. Nxe5 Qxe5 14. Qc2 g6 15. Nb5 Be6 16. Nd4 Rac8 17. Qd2 Nc6 18. Nxc6 Rxc6 19. Rac1 Rcc8 20. Rxc8 Rxc8 21. f4 Qd6 22. f5 Bd7 23. fxg6 hxg6 24. Bb1 Be6 25. Rd1 Qb6 26. Kh1 Qc6 27. h3 b6 28. Bd3 Qa4 1/2-1/2

[Event "ONJK-C 2019"]
[Site "Borne"]
[Date "2019.08.06"]
[Round "2.11"]
[White "De Putter, Sven"]
[Black "Boeren, Jurriaan"]
[Result "0-1"]
[ECO "C02"]
[WhiteElo "1319"]
[BlackElo "1522"]
[Annotator "NA"]
[PlyCount "60"]
[EventDate "2019.08.05"]
[EventType "swiss"]
[EventCountry "NED"]
[SourceTitle "playchess.com"]
[Source "ChessBase"]
[SourceQuality "1"]
[TimeControl "5400+30"]

1. e4 e6 2. d4 d5 3. e5 c5 4. c3 Nc6 5. Nf3 Nge7 6. Bg5 Qb6 7. Qb3 Qxb3 8. axb3 cxd4 9. cxd4 Nf5 10. Bb5 Bd7 11. Bxc6 Bxc6 12. Nc3 a6 13. O-O Rc8 14. Rac1 Bb4 15. Rfd1 O-O 16. h3 Rc7 17. Na2 Ba5 18. b4 Bb6 19. Nc3 h6 20. Bf4 g5 21. Bh2 Rfc8 22. Ra1 Bd7 23. g4 Ne7 24. h4 gxh4 25. Nxh4 Rc4 26. f4 Bxd4+ 27. Kg2 Bxc3 28. bxc3 Rxc3 29. f5 exf5 30. Kg1 fxg4 0-1